 Dungeon Crawl Stone Soup version 0.18.1-50-g88ac8fd (webtiles) character file.

274950 lorenzova the Impregnable (level 19, -53/202 HPs)
             Began as a Minotaur Fighter on Oct 13, 2016.
             Was the Champion of Qazlal.
             Killed from afar by a crystal guardian (91 damage)
             ... with a crystal bolt
             ... on level 3 of the Vaults.
             The game lasted 02:09:50 (42374 turns).

lorenzova the Impregnable (Minotaur Fighter)       Turns: 42374, Time: 02:09:51

Health: -53/202    AC: 40    Str: 38    XL:     19   Next: 54%
Magic:  0/28       EV:  4    Int: 10    God:    Qazlal [******]
Gold:   2238       SH: 43    Dex: 13    Spells: 0 memorised, 18 levels left

rFire  x . .     SeeInvis +     x - +9 war axe of Precise Incision {drain, *Contam rElec MR+++ MP-9}
rCold  + . .     Gourm    .     W - +6 plate armour "Kiata" {rElec SInv Stlth+}
rNeg   + . .     Faith    .     Y - +18 shield of the gong {rElec rN+ MR+ EV-5}
rPois  +         Spirit   +     V - +3 hat of Pondering {ponderous, MR+ MP+10 Int+5}
rElec  +         Dismiss  .     Q - +2 cloak {rPois}
rCorr  .         Reflect  .     (no gloves)
SustAt .         Harm     .     i - +2 pair of boots {Fly}
MR     +++++                    X - amulet of guardian spirit
Stlth  ..........               o - +4 ring of strength
                                Z - ring of Piuk Qaq {Ice Str+8}

@: protected from electricity, flying, repel missiles, slow, almost entirely
resistant to hostile enchantments, extremely unstealthy
A: retaliatory headbutt, horns 2, icy blue scales 1, slimy green scales 1, high
mp 1, robust 1
a: Upheaval, Elemental Force, Disaster Area, Renounce Religion, Stop Flying
}: 2/15 runes: decaying, gossamer


You were on level 3 of the Vaults.
You worshipped Qazlal.
Qazlal was exalted by your worship.
You were not hungry.

You visited 7 branches of the dungeon, and saw 37 of its levels.
You also visited: Labyrinth, Ice Cave and Volcano.

You collected 3839 gold pieces.
You spent 1601 gold pieces at shops.

Inventory:

Hand Weapons
 t - a +5 battleaxe of flaming
 x - the +9 war axe of Precise Incision (weapon) {drain, *Contam rElec MR+++ MP-9}
   (You bought it in a shop on level 2 of the Orcish Mines)

   A truly terrible weapon, it drains the life of those it strikes.
   It insulates you from electricity.
   It affects your resistance to hostile enchantments.
   It affects your magic capacity (-9).
   It causes magical contamination when unequipped.
Missiles
 p - 6 javelins of penetration
 H - 3 throwing nets (quivered)
Armour
 i - a +2 pair of boots of flying (worn)
 Q - a +2 cloak of poison resistance (worn)
 V - the +3 hat of Pondering (worn) {ponderous, MR+ MP+10 Int+5}
   (You found it in an ice cave)

   It affects your intelligence (+5).
   It affects your resistance to hostile enchantments.
   It affects your magic capacity (+10).
 W - the +6 plate armour "Kiata" (worn) {rElec SInv Stlth+}
   (You found it on level 12 of the Dungeon)

   It insulates you from electricity.
   It lets you see invisible.
   It makes you more stealthy.
 Y - the +18 shield of the gong (worn) {rElec rN+ MR+ EV-5}
   (You took it off Donald on level 1 of the Vaults)

   It affects your evasion (-5).
   It insulates you from electricity.
   It protects you from negative energy.
   It affects your resistance to hostile enchantments.
Jewellery
 o - a +4 ring of strength (right hand)
 X - an amulet of guardian spirit (around neck)
 Z - the ring of Piuk Qaq (left hand) {Ice Str+8}
   (You found it on level 12 of the Dungeon)

   [ring of ice]

   It enhances your ice magic, and weakens your fire magic.
   It affects your strength (+8).
   It makes you vulnerable to fire.
   It protects you from cold.
Wands
 c - a wand of paralysis (15/24)
 h - a wand of confusion (13/48)
 u - a wand of teleportation (4/9)
 E - a wand of polymorph (8/24)
 I - a wand of heal wounds (9/9)
 K - a wand of digging (9/24)
 M - a wand of lightning (8/15)
 N - a wand of slowing (26/48)
 R - a wand of iceblast (10/15)
Scrolls
 e - 5 scrolls of immolation
 g - 7 scrolls of identify
 n - 15 scrolls of remove curse
 q - 2 scrolls of amnesia
 v - 8 scrolls of fear
 w - 4 scrolls of recharging
 y - 12 scrolls of teleportation
 z - 9 scrolls of enchant armour
 A - 2 scrolls of silence
 B - 5 scrolls of fog
 G - 2 scrolls of enchant weapon
 L - 5 scrolls of magic mapping
 P - 5 scrolls of blinking
Potions
 a - 2 potions of magic
 b - a potion of cure mutation
 d - 5 potions of might
 f - 3 potions of ambrosia
 j - 2 potions of invisibility
 k - 4 potions of brilliance
 l - 7 potions of berserk rage
 m - 11 potions of curing
 F - 5 potions of haste
 J - 4 potions of resistance
 O - a potion of heal wounds
 S - 5 potions of cancellation
Books
 D - a book of Changes

   Spells                             Type                      Level
   a - Beastly Appendage              Transmutation                1
   b - Sticks to Snakes               Transmutation                2
   c - Spider Form                    Transmutation/Poison         3
   d - Ice Form                       Ice/Transmutation            4
   e - Blade Hands                    Transmutation                5
Comestibles
 r - 3 bread rations
 s - 10 meat rations
 C - 3 chunks of flesh


   Skills:
 + Level 19.7 Fighting
 * Level 19.9 Axes
 * Level 22.0 Armour
 - Level 17.7 Shields
 - Level 7.1 Invocations
 - Level 9.0 Evocations


You had 18 spell levels left.
You didn't know any spells.

Dungeon Overview and Level Annotations

Branches:
Dungeon (15/15)            Temple (1/1) D:4            Lair (8/8) D:10
  Swamp (4/4) Lair:6       Spider (4/4) Lair:5        Slime (0/6) Lair:7
    Orc (2/2) D:11            Elf (0/3) Orc:2        Vaults (3/5) D:14
 Depths (0/5) D:15
  Crypt: Vaults:2-3

Altars:
Ashenzari
Cheibriados
Dithmenos
Elyvilon
Fedhas
Gozag
Kikubaaqudgha
Makhleb
Nemelex Xobeh
Okawaru
Pakellas
Qazlal
Ru
Trog
Vehumet
Xom
Yredelemnul
Zin
The Shining One
Jiyva

Shops:
D:8 }   D:12 (%[   Orc:2 *:[(   Vaults:2 *

Portals:
Trove: D:10 (give 6 scrolls of blinking)


Innate Abilities, Weirdness & Mutations

You reflexively headbutt those who attack you in melee.
You have a pair of horns on your head.
You are partially covered in icy blue scales (AC +1).
You are partially covered in slimy green scales (AC +2).
You have an increased reservoir of magic (+10% MP).
You are robust (+10% HP).


Message History

Your resistance to fire fades away.
You feel protected from cold.
* * * LOW HITPOINT WARNING * * *
You hear a sizzling sound!
A deep elf mage comes into view. It is wielding a long sword.
You hear a shout!
The deep elf mage gestures at you while chanting.
The bolt of lightning hits you! You resist.
Your resistance to cold fades away.
You feel protected from electricity.
* * * LOW HITPOINT WARNING * * *
The deep elf mage gestures wildly while chanting.
The deep elf mage blinks!
The deep elf mage points at you and mumbles some strange words.
The bolt of lightning hits you! You resist.
* * * LOW HITPOINT WARNING * * *
A deep elf mage comes into view. It is wielding a short sword.
The crystal guardian fires a crystalline bolt at you.
The crystal bolt burns you! The fire burns you terribly!
You die...

#.§..#...............
###..§##....e...§..e...
#.)...##..§....).......
.....###..e)b)().......
....## #..##Y#######...
..### #. #.§8...§.# ##
# #.§...e§.# #..(.§...#
#...§.@§.# #.?.§.<..#
#...§§...# #........#
##########


You could see a crystal guardian, 2 deep elf magi, an ice beast and a fire bat
shaped shifter.

Vanquished Creatures
  Frederick (Vaults:2)
  Margery (Vaults:2)
  Arachne (Spider:2)
  Jorgrun (Vaults:1)
  The ghost of Galewind the Eclecticist, an adept DECj of Vehumet (Spider:4)
  Donald (Vaults:1)
  2 ghost moths
  An orc warlord (Orc:2)
  5 vault wardens
  8 emperor scorpions
  9 ironheart preservers
  2 stone giants (Vaults:2)
  3 very ugly things
  A salamander stormcaller (D:14)
  2 spark wasps
  2 ettins (Vaults:2)
  A minotaur (Lab)
  Snorg (Orc:1)
  3 yaktaur captains
  4 vault guards
  A fire dragon (Vaults:3)
  5 entropy weavers
  Fannar (Lair:1)
  A great orb of eyes (Vaults:1)
  2 ice dragons (Vaults:1)
  9 centaur warriors
  7 ogre magi
  24 hydras
  A ghost crab (Swamp:4)
  4 catoblepae
  3 death knights
  4 alligators
  11 death yaks (Lair:8)
  3 tengu warriors
  3 orc high priests
  5 deep elf knights
  6 hell knights (Vaults:2)
  A shadow wraith (Vaults:1)
  A skeletal warrior (D:15)
  A giant orange brain (shapeshifter) (D:12)
  A giant orange brain (Vaults:1)
  2 unseen horrors
  9 hill giants
  5 shambling mangroves
  9 swamp dragons
  A lindwurm (Volcano)
  7 ironbrand convokers
  3 harpies (Vaults:2)
  Pikel (D:4)
  13 orc knights
  A phantasmal warrior (D:15)
  3 deep elf archers (Vaults:2)
  28 wolf spiders
  6 griffons
  10 ugly things
  5 hornets
  2 necromancers
  A wizard (D:15)
  5 orc sorcerers
  7 deep elf magi
  20 orb spiders
  4 moths of wrath
  9 cyclopes
  A manticore (D:15)
  Maurice (D:10)
  A centaur zombie (D:14)
  A naga mage (D:15)
  2 ice statues (IceCv)
  2 black mambas
  4 vault sentinels
  An octopode (shapeshifter) (D:13)
  15 spiny frogs
  2 torpor snails
  4 centaur skeletons
  A spiny frog (shapeshifter) (Vaults:2)
  7 freezing wraiths
  5 rime drakes
  5 kobold demonologists
  A gargoyle (D:10)
  17 yaktaurs
  10 ice devils (IceCv)
  9 komodo dragons
  A troll (shapeshifter) (Vaults:2)
  21 demonic crawlers
  5 spriggan druids
  40 jumping spiders
  A polar bear (Lair:4)
  11 trolls
  8 giant leeches
  14 two-headed ogres
  A harpy skeleton (D:14)
  Prince Ribbit (D:5)
  5 blink frogs (Swamp:2)
  3 boulder beetles
  4 slime creatures
  2 hornet zombies (D:15)
  5 bog bodies
  9 shadows
  103 redbacks
  A vampire (D:10)
  A spriggan (shapeshifter) (D:15)
  A wraith (D:11)
  Sigmund (D:6)
  10 spriggans
  28 tarantellas
  41 yaks
  A wyvern (Lair:6)
  A yak (shapeshifter) (Vaults:2)
  6 fire bats (Volcano)
  3 basilisks
  A hippogriff (shapeshifter) (D:15)
  4 hungry ghosts
  A steam dragon (D:10)
  26 vampire mosquitoes
  4 hippogriffs
  19 wargs
  A hell hound (Volcano)
  5 mottled dragons
  21 swamp worms
  7 water moccasins
  2 soldier ants
  13 porcupines
  10 swamp drakes
  3 black bears
  A slave (D:3)
  48 orc warriors
  2 phantoms
  9 ice beasts (D:12)
  22 wasps
  4 necrophages
  An eye of draining (Lair:7)
  13 wolves
  35 ogres
  13 centaurs
  24 crocodiles
  8 big kobolds
  24 giant frogs
  A gnoll sergeant (D:9)
  5 scorpions
  17 killer bees
  3 electric eels
  3 wights (D:11)
  4 crimson imps
  3 giant frog zombies
  3 quasits
  5 draconian simulacra (IceCv)
  2 human simulacra
  A wasp zombie (D:11)
  6 hounds
  A gnoll shaman (D:6)
  6 jellies
  27 orc priests
  2 giant frog skeletons
  14 iguanas
  Jessica (D:3)
  Ijyb (D:2)
  27 orc wizards
  A troll simulacrum (IceCv)
  2 worker ants
  2 spriggan simulacra (IceCv)
  A killer bee zombie (D:8)
  47 sheep
  A centaur simulacrum (IceCv)
  A hound skeleton (D:5)
  Robin (D:2)
  15 gnolls
  20 adders
  A howler monkey skeleton (D:7)
  An ogre simulacrum (IceCv)
  50 river rats
  A shadow imp (Spider:4)
  2 adder skeletons (D:5)
  8 worms
  2 dart slugs
  8 giant geckos
  144 orcs
  3 ball pythons
  5 bats
  7 giant cockroaches
  16 goblins
  7 hobgoblins
  11 jackals
  3 quokkas
  4 giant newts
  33 kobolds
  2 quokka skeletons
  4 rats
  A bush (Lair:7)
  A butterfly (Lair:8)
  65 fungi
  34 plants
1669 creatures vanquished.

Vanquished Creatures (others)
  A swamp dragon (Swamp:4)
  3 orb spiders
  A yaktaur (Vaults:3)
  A demonic crawler (Spider:2)
  A jumping spider (Spider:4)
  A tarantella (Spider:2)
  3 redbacks
  A wasp (Swamp:2)
  An orc wizard (D:3)
  5 fungi
  A plant (Lair:5)
19 creatures vanquished.

Grand Total: 1688 creatures vanquished

Notes
Turn   | Place    | Note
--------------------------------------------------------------
     0 | D:1      | lorenzova the Minotaur Fighter began the quest for the Orb.
     0 | D:1      | Reached XP level 1. HP: 19/19 MP: 0/0
   145 | D:1      | Reached XP level 2. HP: 27/27 MP: 1/1
   220 | D:1      | Reached skill level 4 in Armour
   245 | D:1      | Reached XP level 3. HP: 26/33 MP: 2/2
   745 | D:2      | Noticed Ijyb
   761 | D:2      | Killed Ijyb
   761 | D:2      | Reached XP level 4. HP: 22/41 MP: 3/3
   890 | D:2      | Found a shattered altar of Ashenzari.
   942 | D:2      | Noticed Robin
   972 | D:2      | Killed Robin
   972 | D:2      | Reached skill level 5 in Fighting
   972 | D:2      | Reached skill level 5 in Armour
  1592 | D:2      | Found a blossoming altar of Fedhas.
  1740 | D:3      | Reached XP level 5. HP: 48/48 MP: 4/4
  1877 | D:3      | Reached skill level 5 in Shields
  2221 | D:3      | Reached XP level 6. HP: 54/57 MP: 5/5
  2551 | D:3      | Noticed Jessica
  2561 | D:3      | Killed Jessica
  2778 | D:3      | Reached skill level 6 in Armour
  3334 | D:4      | Noticed a slave
  3335 | D:4      | Noticed Pikel
  3336 | D:4      | Noticed a slave
  3337 | D:4      | Noticed a slave
  3338 | D:4      | Noticed a slave
  3364 | D:3      | Killed a slave
  3944 | D:4      | Found a snail-covered altar of Cheibriados.
  4000 | D:4      | Found a staircase to the Ecumenical Temple.
  4010 | Temple   | Entered the Ecumenical Temple
  4015 | Temple   | Became a worshipper of Qazlal Stormbringer
  4050 | D:4      | Reached XP level 7. HP: 62/63 MP: 6/6
  4211 | D:4      | Found a glowing golden altar of the Shining One.
  4418 | D:4      | Killed Pikel
  4418 | D:4      | Reached skill level 7 in Armour
  4782 | D:4      | Found a sparkling altar of Nemelex Xobeh.
  4825 | D:4      | Reached XP level 8. HP: 70/71 MP: 7/7
  4931 | D:5      | Entered Level 5 of the Dungeon
  5003 | D:5      | Noticed Prince Ribbit
  5024 | D:5      | Killed Prince Ribbit
  5024 | D:5      | Reached skill level 8 in Armour
  5054 | D:5      | HP: 1/73 [orc priest/divine providence (12)]
  5501 | D:5      | Found an iron altar of Okawaru.
  5908 | D:5      | Reached * piety under Qazlal
  5988 | D:5      | Found a glowing silver altar of Zin.
  6397 | D:6      | Reached skill level 9 in Armour
  6846 | D:6      | Noticed Sigmund
  6856 | D:6      | Killed Sigmund
  6856 | D:6      | Reached XP level 9. HP: 74/80 MP: 8/8
  7431 | D:6      | Found a shadowy altar of Dithmenos.
  7746 | D:6      | Reached ** piety under Qazlal
  8060 | D:7      | Reached skill level 10 in Armour
  8070 | D:7      | Reached skill level 10 in Shields
  8394 | D:7      | Found a sacrificial altar of Ru.
  9008 | D:8      | Reached *** piety under Qazlal
  9245 | D:8      | Found Liremok's Quality Used Wands.
  9389 | D:8      | Reached XP level 10. HP: 66/91 MP: 9/9
  9619 | D:9      | Noticed a hill giant
  9678 | D:9      | Reached skill level 11 in Armour
  9950 | D:9      | Killed a hill giant
  9953 | D:9      | HP: 4/92 [orc wizard/magic dart (4)]
  9954 | D:9      | Gained mutation: You are partially covered in icy blue scales (AC +1). [potion of mutation]
  9954 | D:9      | Gained mutation: You are robust (+10% HP). [potion of mutation]
  9954 | D:9      | Gained mutation: You are partially covered in slimy green scales (AC +2). [potion of mutation]
 10738 | D:10     | Entered Level 10 of the Dungeon
 10802 | D:10     | Reached **** piety under Qazlal
 10851 | D:10     | Reached skill level 10 in Fighting
 11091 | D:10     | Noticed Maurice
 11164 | D:10     | Noticed a gargoyle
 11182 | D:10     | Killed a gargoyle
 11238 | D:10     | Found a staircase to the Lair.
 11426 | D:10     | Killed Maurice
 11492 | D:10     | Found a portal to a secret trove of treasure.
 11869 | D:11     | Reached XP level 11. HP: 109/109 MP: 10/10
 11981 | D:11     | Noticed a brown ugly thing
 12278 | D:11     | Reached ***** piety under Qazlal
 12278 | D:11     | Reached skill level 12 in Armour
 12377 | D:11     | Noticed an orc knight
 12398 | D:11     | Noticed an orc knight
 12990 | D:11     | Killed an orc knight
 13117 | D:11     | Found a staircase to the Orcish Mines.
 13442 | D:11     | Killed a brown ugly thing
 13847 | D:11     | Killed an orc knight
 13885 | D:11     | Noticed a hill giant
 13890 | D:11     | Killed a hill giant
 13890 | D:11     | Reached skill level 15 in Shields
 14550 | D:12     | Noticed a centaur warrior
 14557 | D:12     | Reached skill level 13 in Armour
 14558 | D:12     | Killed a centaur warrior
 14567 | D:12     | Noticed a hill giant
 14575 | D:12     | Killed a hill giant
 14575 | D:12     | Reached XP level 12. HP: 61/120 MP: 11/11
 14677 | D:12     | Found Hawuph's Weapon Shop.
 14901 | D:12     | Found a frozen archway.
 14909 | D:12     | Reached ****** piety under Qazlal
 14918 | IceCv    | Entered an ice cave
 15482 | IceCv    | HP: 5/122 [ice devil (16)]
 16260 | D:12     | Found Afa Rov's Food Emporium.
 16396 | D:12     | Got a spiked plate armour
 16408 | D:12     | Identified the +6 plate armour "Kiata" {rElec SInv Stlth+} (You found it on level 12 of the Dungeon)
 16579 | D:12     | Found Genoge's Antique Armour Shoppe.
 16766 | D:12     | Got a steaming ivory ring
 16767 | D:12     | Identified the ring of Piuk Qaq {Ice Str+8} (You found it on level 12 of the Dungeon)
 17640 | Lair:1   | Entered Level 1 of the Lair of Beasts
 17663 | Lair:1   | Noticed Fannar
 17665 | Lair:1   | Killed Fannar
 17732 | Lair:1   | Noticed an eight-headed hydra
 17797 | Lair:1   | Killed an eight-headed hydra
 17797 | Lair:1   | Reached skill level 1 in Invocations
 17797 | Lair:1   | Reached skill level 1 in Evocations
 17797 | Lair:1   | Reached XP level 13. HP: 79/129 MP: 9/12
 18713 | Lair:2   | Found a dark tunnel.
 18725 | Volcano  | Entered a volcano
 18739 | Volcano  | Reached skill level 5 in Axes
 20667 | Lair:4   | Got a bloodstained great mace
 20673 | Lair:4   | Identified the +4 great mace "Macuap" {freeze, MP+9 Dex+6} (You found it on level 4 of the Lair of Beasts)
 21657 | Lair:5   | Gained mutation: You have an increased reservoir of magic (+10% MP). [potion of beneficial mutation]
 21886 | Lair:5   | Found a hole to the Spider Nest.
 22156 | Lair:6   | Found a staircase to the Swamp.
 22163 | Lair:6   | Reached skill level 10 in Axes
 22975 | Lair:7   | Reached XP level 14. HP: 138/138 MP: 18/18
 22980 | Lair:7   | Reached skill level 5 in Invocations
 23003 | Lair:7   | Reached skill level 5 in Evocations
 23124 | Lair:7   | Found a viscous altar of Jiyva.
 23124 | Lair:7   | Found a staircase to the Slime Pits.
 23627 | Lair:8   | Entered Level 8 of the Lair of Beasts
 23663 | Lair:8   | Got a pitted halberd
 23674 | Lair:8   | Found a labyrinth entrance.
 23698 | Lab      | Entered a labyrinth
 23959 | Lab      | Identified the Papyrus of Warped Flames
 24158 | Lair:1   | Identified a scroll of acquirement
 24960 | Lair:8   | Found a sparkling altar of Nemelex Xobeh.
 25656 | Orc:1    | Entered Level 1 of the Orcish Mines
 25658 | Orc:1    | Reached skill level 14 in Armour
 25670 | Orc:1    | Noticed Snorg
 25679 | Orc:1    | Killed Snorg
 26078 | Orc:2    | Entered Level 2 of the Orcish Mines
 26078 | Orc:2    | Found Bathot Ditab's General Store.
 26094 | Orc:2    | Noticed an orc warlord
 26364 | Orc:2    | Killed an orc warlord
 26364 | Orc:2    | Reached XP level 15. HP: 124/151 MP: 21/21
 26395 | Orc:2    | Bought a wand of confusion (17/48) for 213 gold pieces
 26395 | Orc:2    | Bought the +9 war axe of Precise Incision {drain, *Contam rElec MR+++ MP-9} for 1063 gold pieces
 26415 | Orc:2    | Found Zuduujif's Book Emporium.
 26425 | Orc:2    | Found a staircase to the Elven Halls.
 26474 | Orc:2    | Found Owkimmio's Antique Weapon Shoppe.
 26596 | Orc:2    | Found Soizut's Antique Armour Emporium.
 27257 | Spider:1 | Entered Level 1 of the Spider Nest
 27267 | Spider:1 | Reached skill level 15 in Armour
 27303 | Spider:1 | Reached skill level 15 in Fighting
 28364 | Spider:2 | Noticed Arachne
 28394 | Spider:2 | Killed Arachne
 28394 | Spider:2 | Reached skill level 16 in Armour
 29322 | Spider:2 | Reached XP level 16. HP: 104/165 MP: 21/24
 29677 | Spider:2 | Reached skill level 17 in Armour
 30814 | Spider:4 | Entered Level 4 of the Spider Nest
 31340 | Spider:4 | Noticed Galewind's ghost (adept DECj)
 31358 | Spider:4 | Killed Galewind's ghost
 31392 | Spider:4 | Reached skill level 18 in Armour
 31735 | Spider:4 | Reached skill level 15 in Axes
 31917 | Spider:4 | Got a gossamer rune of Zot
 32021 | Spider:4 | Reached XP level 17. HP: 169/179 MP: 25/25
 32601 | Swamp:1  | Entered Level 1 of the Swamp
 34490 | Swamp:4  | Entered Level 4 of the Swamp
 34527 | Swamp:4  | Reached skill level 19 in Armour
 36134 | Swamp:4  | Got a decaying rune of Zot
 37139 | D:13     | Found an opulent altar of Gozag.
 38102 | D:14     | Reached XP level 18. HP: 146/190 MP: 24/26
 38108 | D:14     | Found a gate to the Vaults.
 38348 | D:15     | Entered Level 15 of the Dungeon
 38362 | D:15     | Reached skill level 20 in Armour
 39012 | D:15     | Found a staircase to the Depths.
 39107 | Vaults:1 | Entered Level 1 of the Vaults
 39357 | Vaults:1 | Noticed Jorgrun
 39368 | Vaults:1 | Killed Jorgrun
 39434 | Vaults:1 | Noticed Donald
 39524 | Vaults:1 | Killed Donald
 40360 | Vaults:2 | Reached skill level 21 in Armour
 40471 | Vaults:2 | Noticed Margery
 40493 | Vaults:2 | Killed Margery
 40861 | Vaults:2 | Reached XP level 19. HP: 189/201 MP: 26/27
 41501 | Vaults:2 | Found Cauxadag's Assorted Antiques.
 41509 | Vaults:2 | Bought a scroll of blinking for 195 gold pieces
 41509 | Vaults:2 | Bought a potion of heal wounds for 130 gold pieces
 42103 | Vaults:3 | Noticed Frederick
 42118 | Vaults:2 | Killed Frederick
 42362 | Vaults:3 | Reached skill level 22 in Armour
 42374 | Vaults:3 | Killed from afar by a crystal guardian

Skill      XL: |  1  2  3  4  5  6  7  8  9 10 11 12 13 14 15 16 17 18 19 |
---------------+----------------------------------------------------------+-----
Shields        | 4 5 6 7 9 11 13 15 17 | 17.7
Fighting       | 4 5 6 7 9 10 11 12 14 16 17 18 19 | 19.7
Armour         | 4 5 6 7 9 10 11 13 14 16 18 19 21 22 | 22.0
Invocations    | 1 4 7 |  7.1
Evocations     | 1 4 7 9 |  9.0
Axes           | 10 11 13 15 17 19 | 19.9

Action                   |  1- 3 |  4- 6 |  7- 9 | 10-12 | 13-15 | 16-18 | 19-21 || total
-------------------------+-------+-------+-------+-------+-------+-------+-------++-------
Melee: War axe           |    67 |   196 |   395 |   850 |   748 |  1167 |   224 ||  3647
       Headbutt          |     9 |    36 |    83 |   217 |   235 |   376 |    72 ||  1028
       Battleaxe         |       |       |       |       |   157 |    98 |       ||   255
Throw: Throwing net      |       |       |       |     3 |     1 |       |       ||     4
       Javelin           |       |       |       |       |     3 |       |       ||     3
Invok: Upheaval          |       |       |       |     2 |     1 |       |       ||     3
 Abil: Evoke Flight      |       |       |       |       |       |     5 |       ||     5
Evoke: Wand              |       |       |       |       |    10 |     3 |       ||    13
  Use: Potion            |       |     1 |     4 |     3 |     2 |     6 |       ||    16
       Scroll            |       |     1 |       |    16 |    16 |    15 |       ||    48
 Stab: Confused          |       |       |       |       |       |     1 |       ||     1
  Eat: Chunk             |       |    10 |    14 |    20 |    22 |    21 |     5 ||    92
       Royal jelly       |       |       |     1 |     2 |       |     1 |       ||     4
       Fruit             |       |       |     3 |     8 |       |       |       ||    11
       Beef jerky        |       |       |       |       |     5 |       |     1 ||     6
       Pizza             |       |       |       |       |     1 |     1 |       ||     2
       Meat ration       |       |       |       |       |     2 |     3 |       ||     5
Armor: Scale mail        |    20 |   111 |    59 |       |       |       |       ||   190
       Skin              |       |       |     7 |       |       |       |       ||     7
       Chain mail        |       |       |   102 |   273 |       |       |       ||   375
       Plate armour      |       |       |       |    67 |   581 |   734 |    32 ||  1414
Dodge: Dodged            |    18 |    78 |   107 |   172 |   297 |   244 |     5 ||   921
       Deflected         |       |       |       |    13 |     3 |    12 |     1 ||    29
Block: Shield            |    25 |   114 |   319 |  1021 |  1008 |  1379 |   274 ||  4140
       Other             |       |       |       |       |   107 |    53 |       ||   160
